 Dungeon Crawl Stone Soup version 0.27.0-1-g7a089689b8 (webtiles) character file.

Game seed: 1046602678486555178

912 dtburroughs the Skirmisher (level 7, 0/94 HPs)
             Began as a Minotaur Berserker on Aug 11, 2021.
             Was an Elder of Trog.
             Slain by an orc warrior (7 damage)
             ... on level 7 of the Dungeon.
             The game lasted 00:07:04 (6083 turns).

dtburroughs the Skirmisher (Minotaur Berserker)     Turns: 6083, Time: 00:07:04

Health: 0/94       AC: 10    Str: 22    XL:     7   Next: 82%
Magic:  0/6        EV:  9    Int:  6    God:    Trog [****..]
Gold:   272        SH:  0    Dex:  9    Spells: 6/6 levels left

rFire    . . .     SeeInvis .   a - +0 hand axe
rCold    . . .     Faith    .   (no shield)
rNeg     . . .     Spirit   +   m - +0 chain mail
rPois    .         Reflect  .   (helmet restricted)
rElec    .         Harm     .   (no cloak)
rCorr    +         Rampage  .   (no gloves)
Will     .....                  (no boots)
Stlth    ..........             o - amulet of guardian spirit
HPRegen  0.25/turn              r - ring of resist corrosion
MPRegen  0.10/turn              (no ring)

@: berserking, very quick
A: horns 2, retaliatory headbutt
a: Renounce Religion, Berserk, Trog's Hand, Brothers in Arms


You were on level 7 of the Dungeon.
You worshipped Trog.
Trog was greatly pleased with you.
You visited 1 branch of the dungeon, and saw 7 of its levels.

You collected 272 gold pieces.

Inventory:

Hand Weapons
 a - a +0 hand axe (weapon)
Missiles
 y - a throwing net (quivered)
Armour
 b - a +0 animal skin
 h - a +0 scale mail
 m - a +0 chain mail (worn)
Jewellery
 d - a +6 ring of intelligence
 o - an amulet of guardian spirit (around neck)
 r - a ring of resist corrosion (left hand)
 t - a +4 ring of slaying
Wands
 l - a wand of flame (16)
 v - a wand of acid (14)
 x - a wand of charming (4)
Scrolls
 c - 2 scrolls of amnesia {unknown}
 f - 7 scrolls of identify {unknown}
 g - a scroll of torment {unknown}
 k - a scroll of teleportation {unknown}
 n - a scroll of blinking {unknown}
 p - 2 scrolls of immolation {unknown}
 q - a scroll of summoning {unknown}
Potions
 e - 4 potions of curing {unknown}
 i - a potion of degeneration {unknown}
 j - 2 potions of heal wounds {unknown}
 s - 2 potions of resistance {unknown}
 u - 2 potions of magic {unknown}
 w - 2 potions of haste {unknown}


   Skills:
 + Level 6.2 Fighting
 + Level 6.2 Axes
 + Level 5.5 Armour
 + Level 5.1 Dodging
 + Level 2.2 Evocations


You had 6 spell levels left.
You didn't know any spells.
Your spell library was empty.

Dungeon Overview and Level Annotations

Branches:
Dungeon (7/15)             Temple (0/1) D:6

Altars:
Hepliaklqana
Ru

Annotations:
D:4 3 runed translucent doors, krigyl's ghost, amateur TrSu


Innate Abilities, Weirdness & Mutations

You have a pair of horns on your head.
You reflexively headbutt those who attack you in melee.


Message History

Magic restored.
Found a stone staircase leading down.
An orc warrior comes into view. It is wielding a +0 dire flail.
The orc warrior shouts!
You hear a shout!
The orc warrior hits you with a +0 dire flail!
You hit the orc warrior.
The orc warrior is lightly wounded.
The orc warrior barely misses you.
You slash the orc warrior! Your headbutt misses the orc warrior.
The orc warrior is moderately wounded.
The orc warrior hits you but does no damage.
You hit the orc warrior.
The orc warrior is moderately wounded.
The orc warrior hits you with a +0 dire flail!!
You hit the orc warrior. Your headbutt misses the orc warrior.
The orc warrior is heavily wounded.
The orc warrior hits you with a +0 dire flail!
You closely miss the orc warrior.
The orc warrior is heavily wounded.
The orc warrior hits you with a +0 dire flail!
* * * LOW HITPOINT WARNING * * *
A red film seems to cover your vision as you go berserk!
You feel yourself moving faster!
You feel mighty!
The orc warrior hits you with a +0 dire flail!
* * * LOW HITPOINT WARNING * * *
You closely miss the orc warrior.
The orc warrior is heavily wounded.
The orc warrior hits you with a +0 dire flail!
* * * LOW HITPOINT WARNING * * *
You hit the orc warrior.
The orc warrior is severely wounded.
You slash the orc warrior!
The orc warrior is almost dead.
You hear a shout! x3 2 orcs come into view.
An orc is wielding a +0 flail of holy wrath.
The orc shouts! x2
The orc hits you but does no damage.
The orc warrior hits you with a +0 dire flail!
You die...

# #### #. ..#
##.####.#
......#.###
#.....o@.#
#.#####.#.#o#
>.........#.#
#.#####.###.#
#.# o# ####.#
.# #....# .#
#.#### ## #.#


You could see an orc warrior and 2 orcs.

Vanquished Creatures
  4 kobold brigands
  A bullfrog (D:6)
  2 howler monkeys
  A centaur zombie (D:5)
  3 jellies
  A bullfrog skeleton (D:5)
  3 hounds
  An orc wizard (D:6)
  An iguana (D:5)
  A hound skeleton (D:4)
  A howler monkey zombie (D:6)
  4 adders
  A shadow imp (D:5)
  2 ufetubi
  An adder skeleton (D:4)
  A worm (D:3)
  3 dart slugs
  10 orcs
  17 endoplasms
  3 giant cockroaches
  4 goblins
  11 hobgoblins
  7 jackals
  3 quokkas
  2 ball pythons
  6 bats
  A frilled lizard (D:1)
  20 kobolds
  7 rats
122 creatures vanquished.

Vanquished Creatures (others)
  4 fungi (D:3)
  2 plants (D:1)
  8 toadstools (D:3)
14 creatures vanquished.

Grand Total: 136 creatures vanquished

Notes
Turn   | Place    | Note
-------+----------+-------------------------------------------
     0 | D:1      | dtburroughs the Minotaur Berserker began the quest for the
                  | Orb.
     0 | D:1      | Reached XP level 1. HP: 19/19 MP: 0/0
   156 | D:1      | Reached XP level 2. HP: 27/27 MP: 1/1
   580 | D:1      | You fall into a shaft and drop 1 floor!
   716 | D:2      | Reached ** piety under Trog
   784 | D:2      | Reached XP level 3. HP: 30/33 MP: 2/2
  1279 | D:1      | Found a faded altar of an unknown god.
  1561 | D:3      | Reached XP level 4. HP: 32/40 MP: 3/3
  2211 | D:3      | Reached XP level 5. HP: 27/47 MP: 4/4
  2769 | D:4      | Reached *** piety under Trog
  2942 | D:4      | Reached skill level 5 in Fighting
  3071 | D:4      | Found a runed translucent gate.
  3127 | D:4      | Found a runed translucent gate.
  3128 | D:4      | Found a runed translucent gate.
  3214 | D:4      | Reached skill level 5 in Axes
  3263 | D:4      | Noticed krigyl's ghost (amateur TrSu)
  3410 | D:4      | Reached XP level 6. HP: 56/56 MP: 5/5
  3588 | D:5      | Entered Level 5 of the Dungeon
  3693 | D:5      | Found a sacrificial altar of Ru.
  3964 | D:5      | Found a faded altar of an unknown god.
  3965 | D:5      | Found a hazy altar of Hepliaklqana.
  3986 | D:5      | Reached skill level 1 in Evocations
  4245 | D:5      | Reached XP level 7. HP: 7/59 MP: 1/6
  4247 | D:5      | Reached skill level 5 in Armour
  5056 | D:6      | Found a staircase to the Ecumenical Temple.
  5227 | D:6      | Reached **** piety under Trog
  5234 | D:6      | Reached skill level 5 in Dodging
  6083 | D:7      | Slain by an orc warrior

Illustrated notes

Levels and vault maps discovered:
D:1:      minmay_arrival_plants_in_alcoves, layout_loops_ring,
          shapermc_ecumenical_altar_acropolis, grunt_decor_fettered
D:2:      layout_rooms
D:3:      cheibrodos_fertilizer, layout_basic, chequers_serial_rivers_room_b,
          serial_bayou_ford_a
D:4:      layout_cave_pods, ebering_ghost_rock_garden
D:5:      cheibrodos_thug_alley, layout_basic, nicolae_ru_sacrificial_ziggurat,
          beargit_hepliaklqana_dungeon_heroes, small_statue_intersection
D:6:      layout_basic, minmay_temple_entry_junction, minivault_22,
          hangedman_decor_peaks_small, grunt_decor_resistance
D:7:      layout_basic, mainiacjoe_overflow_catwalk

Skill      XL: |  1  2  3  4  5  6  7 |
---------------+----------------------+-----
Fighting       | 4 5 6 |  6.2
Axes           | 4 5 6 |  6.2
Armour         | 3 4 5 |  5.5
Dodging        | 3 4 5 |  5.1
Evocations     | 1 2 |  2.2

Action                   |  1- 3 |  4- 6 |  7- 9 || total
-------------------------+-------+-------+-------++-------
Melee: Hand axe          |    61 |   170 |    81 ||   312
       Headbutt          |     8 |    30 |    13 ||    51
Invok: Berserk           |       |     2 |     1 ||     3
       Trog's Hand       |       |     1 |       ||     1
Armor: Animal skin       |    10 |       |       ||    10
       Scale mail        |     1 |       |       ||     1
       Chain mail        |    10 |    87 |    48 ||   145
Dodge: Dodged            |    47 |    91 |    29 ||   167
